 Dungeon Crawl Stone Soup version 0.27-a0-203-gd48b2df3c9 (webtiles) character file.

Game seed: 1865806539702024462

2282 schets the Chucker (level 9, -6/89 HPs)
             Began as a Troll Hunter on Jan 31, 2021.
             Was a Plaything of Xom.
             Mangled by a gnoll sergeant
             ... wielding a +0 glaive
              (13 damage)
             ... in a bailey.
             The game lasted 00:15:24 (6796 turns).

schets the Chucker (Troll Hunter)                   Turns: 6796, Time: 00:15:24

Health: -6/89      AC:  9    Str: 24    XL:     9   Next: 16%
Magic:  8/8        EV: 10    Int:  8    God:    Xom [..*...]
Gold:   316        SH:  0    Dex: 10    Spells: 8/8 levels left

rFire    . . .     SeeInvis .     - Unarmed
rCold    . . .     Faith    .   (no shield)
rNeg     . . .     Spirit   .   l - +0 steam dragon scales
rPois    +         Reflect  .   (helmet restricted)
rElec    .         Harm     .   (no cloak)
rCorr    .         Rampage  .   (gloves unavailable)
Will     .....                  (boots unavailable)
Stlth    +.........             h - amulet of magic regeneration
HPRegen  0.64/turn              g - ring of poison resistance
MPRegen  0.36/turn              v - ring of flight

@: cleaving
A: large, unfitting armour, claws 3, regeneration 1, shaggy fur 1, tough skin 3
a: Renounce Religion, Evoke Flight


You were in a bailey.
You worshipped Xom.
You were a toy of Xom.
You visited 2 branches of the dungeon, and saw 8 of its levels.
You also visited: Bailey.

You collected 403 gold pieces.
You paid 87 gold pieces to Gozag.

Inventory:

Missiles
 c - 4 large rocks
 d - 8 throwing nets (quivered)
 p - 21 poisoned darts
Armour
 b - a +0 robe
 l - +0 steam dragon scales (worn)
Jewellery
 g - a ring of poison resistance (left claw)
 h - an amulet of magic regeneration (around neck)
 v - a ring of flight (right claw)
 z - an uncursed ring of resist corrosion
Wands
 x - a wand of polymorph (7)
 y - a wand of flame (24)
 C - a wand of paralysis (10)
Scrolls
 a - 4 scrolls of teleportation
 j - 2 scrolls of enchant armour
 k - 4 scrolls of remove curse
 n - a scroll of enchant weapon
 o - 2 scrolls of amnesia
 s - 2 scrolls of immolation
 u - a scroll of fog
 w - a scroll of noise
 F - a scroll of identify
 G - a scroll of random uselessness {unknown}
Potions
 e - 2 potions of invisibility {unknown}
 f - a potion of flight {unknown}
 i - 2 potions of might {unknown}
 m - a potion of lignification {unknown}
 q - 6 potions of curing
 r - 2 potions of attraction {unknown}
 t - a potion of resistance {unknown}
 A - a potion of haste {unknown}
 B - a potion of mutation {unknown}
 D - a potion of heal wounds {unknown}
 E - a potion of brilliance


   Skills:
 + Level 6.1 Fighting
 + Level 7.4 Throwing
 - Level 1.5 Dodging
 - Level 0.3 Stealth
 + Level 7.0 Unarmed Combat


You had 8 spell levels left.
You didn't know any spells.
Your spell library was empty.

Dungeon Overview and Level Annotations

Branches:
Dungeon (7/15)             Temple (1/1) D:5          Bailey (1/1)

Altars:
Ashenzari
Cheibriados
Dithmenos
Elyvilon
Fedhas
Gozag
Hepliaklqana
Kikubaaqudgha
Makhleb
Nemelex Xobeh
Okawaru
Qazlal
Sif Muna
Trog
Uskayaw
Vehumet
Wu Jian
Xom
Yredelemnul
Zin
The Shining One

Shops:
D:4 *


Innate Abilities, Weirdness & Mutations

You are too large for most types of armour.
You have claws for hands.
Your natural rate of healing is unusually fast.
You are covered in fur. (AC +1)
You have extremely tough skin. (AC +3)


Message History

Unknown command.
Unknown command.
Unknown command.
You scratch the gnoll sergeant.
The gnoll sergeant is heavily wounded.
The gnoll sergeant hits you with a +0 glaive!
* * * LOW HITPOINT WARNING * * *
The gnoll sergeant struggles against the net.
The gnoll shaman hits you from afar with a +0 halberd.
* * * LOW HITPOINT WARNING * * *
Unknown command.
Unknown command.
You claw the gnoll sergeant!
You claw the gnoll sergeant, but do no damage.
The gnoll sergeant is almost dead.
The gnoll sergeant struggles against the net.
The net rips apart, and the gnoll sergeant comes free!
The gnoll sergeant hits you with a +0 glaive!
You die...
Xom titters!

♣...≈..#.'..##...##....#).≈♣
♣♣...≈..######.....###'##..≈♣
♣.......'...#.......#......≈♣
))).)...')..'...8...'......≈♣
♣.)....)'...#.......#......≈♣
♣♣...≈..######.....###)##..≈♣
♣♣..≈..#.'. ##...##....#..≈♣
♣..≈..#,#...#####.....#..≈♣
♣..≈..#,#...g)@.......#..≈♣
♣♣.≈..#,#...gg)).....##..≈♣
♣.≈..###.8(......8.##gg.≈♣
♣♣≈≈...#############ggg≈≈♣
♣♣≈≈≈≈≈≈≈≈≈≈≈≈≈≈≈≈≈≈≈≈≈♣♣
♣♣♣♣♣♣♣♣♣♣♣♣♣♣♣♣♣♣♣♣♣♣♣


You could see 2 gnoll sergeants and a gnoll shaman (fast, incited).

Vanquished Creatures
  Grinder (D:5)
  Edmund (D:5)
  A sky beast (D:7)
  A phantom (D:4)
  A centaur (D:4)
  3 ogres
  A big kobold (D:6)
  2 bullfrogs (D:5)
  Blork the orc (D:4)
  3 gnoll sergeants (Bailey)
  3 howler monkeys (D:7)
  2 bullfrog zombies (D:5)
  A centaur zombie (D:6)
  3 hounds
  5 gnoll shamans (Bailey)
  2 iguanas
  A centaur skeleton (D:3)
  4 worker ants
  A hound skeleton (D:5)
  Robin (D:2)
  21 gnolls
  7 adders
  A shadow imp (D:7)
  2 white imps (D:7)
  An ooze (D:2)
  A dart slug (D:1)
  2 leopard geckos
  13 orcs
  2 ball pythons
  7 bats
  A giant cockroach (D:2)
  16 goblins
  14 hobgoblins
  4 jackals (D:5)
  9 kobolds
  2 quokkas
  3 frilled lizards
  2 quokka skeletons
  7 rats
153 creatures vanquished.

Vanquished Creatures (others)
  A gnoll sergeant (Bailey)
  An adder skeleton (D:6)
  4 plants (D:6)
6 creatures vanquished.

Grand Total: 159 creatures vanquished

Notes
Turn   | Place    | Note
-------+----------+-------------------------------------------
     0 | D:1      | schets the Troll Hunter began the quest for the Orb.
     0 | D:1      | Reached XP level 1. HP: 19/19 MP: 0/0
    94 | D:1      | Reached XP level 2. HP: 28/28 MP: 1/1
   220 | D:1      | Reached skill level 1 in Unarmed Combat
   766 | D:2      | Reached XP level 3. HP: 28/35 MP: 2/2
   999 | D:2      | Noticed Robin
  1015 | D:2      | Killed Robin
  1046 | D:2      | Reached XP level 4. HP: 34/44 MP: 3/3
  1608 | D:3      | Reached XP level 5. HP: 50/50 MP: 4/4
  2369 | D:3      | Found a radiant altar of Vehumet.
  2444 | D:4      | Noticed an ogre
  2459 | D:4      | Killed an ogre
  2460 | D:4      | Reached XP level 6. HP: 45/61 MP: 5/5
  2557 | D:4      | Found Jatioloemau's Assorted Antiques.
  2584 | D:4      | Found an ancient bone altar of Kikubaaqudgha.
  2609 | D:4      | Reached skill level 5 in Throwing
  2777 | D:4      | Reached XP level 7. HP: 32/68 MP: 6/6
  3166 | D:4      | Noticed Blork the orc
  3179 | D:4      | Killed Blork the orc
  3417 | D:5      | Entered Level 5 of the Dungeon
  3588 | D:5      | Found a burning altar of Makhleb.
  3591 | D:5      | Found a snail-covered altar of Cheibriados.
  3700 | D:5      | Found a staircase to the Ecumenical Temple.
  3746 | D:5      | Noticed Grinder
  3747 | D:5      | Paralysed by Grinder for 2 turns
  3750 | D:5      | Paralysed by Grinder for 7 turns
  3793 | D:5      | Killed Grinder
  3850 | D:5      | Reached skill level 5 in Unarmed Combat
  4207 | D:5      | Noticed Edmund
  4211 | D:5      | Killed Edmund
  4212 | D:5      | Reached XP level 8. HP: 75/79 MP: 7/7
  4301 | Temple   | Entered the Ecumenical Temple
  4612 | Temple   | Became a worshipper of Gozag Ym Sagoz the Greedy
  4768 | D:5      | Reached skill level 5 in Fighting
  4901 | D:6      | Found a shimmering altar of Xom.
  5006 | D:6      | Fell from the grace of Gozag
  5006 | D:6      | Became a worshipper of Xom of Chaos
  5517 | D:6      | XOM: silly message
  5671 | D:7      | XOM: potion effect (haste)
  5792 | D:7      | XOM: divination: detect items
  5845 | D:7      | Found a flagged portal.
  5885 | D:7      | XOM: noise
  5890 | Bailey   | Entered a bailey
  5920 | Bailey   | XOM: potion effect (heal wounds)
  6143 | Bailey   | XOM: confuse monster(s)
  6152 | Bailey   | XOM: summons 3 friendly demons
  6179 | Bailey   | XOM: divination: magic mapping
  6321 | Bailey   | Reached XP level 9. HP: 72/89 MP: 8/8
  6339 | Bailey   | XOM: silly message
  6599 | Bailey   | XOM: scenery: 3 doors close
  6627 | Bailey   | XOM: destruction
  6777 | Bailey   | XOM: cleaving
  6796 | Bailey   | Mangled by a gnoll sergeant

Illustrated notes

Levels and vault maps discovered:
D:1:      elethiomel_arrival_infinity_welcomes_careful_drivers, layout_basic
D:2:      layout_rooms, uniq_robin
D:3:      layout_basic, vehumet_crystals
D:4:      layout_loops_cross, kiku_gazebo_pond_becter, serial_shops, shop,
          chequers_serial_rivers_micro_d, uniq_blork_the_orc
D:5:      layout_loops_corners, nicolae_overflow_hidden_temple,
          minmay_temple_entry_wispy, kennysheep_potato, uniq_edmund,
          uniq_grinder
D:6:      layout_basic, basic_altar, lexackson_kobold_supper
D:7:      layout_basic, doesnt_xom_only_xom, enter_bailey_4
Temple:   nicolae_temple_elliptical
Bailey:   bailey_polearm_gnolls_kennysheep, bailey

Skill      XL: |  1  2  3  4  5  6  7  8  9 |
---------------+----------------------------+-----
Unarmed Combat | 1 2 3 4 5 6 7 |  7.0
Fighting       | 2 3 4 5 6 |  6.1
Throwing       | 4 5 6 7 |  7.4
Dodging        | |  1.5
Stealth        | |  0.3

Action                   |  1- 3 |  4- 6 |  7- 9 || total
-------------------------+-------+-------+-------++-------
Melee: Unarmed           |   108 |   143 |   261 ||   512
       Punch             |     1 |     3 |    11 ||    15
Throw: Large rock        |       |     3 |    14 ||    17
       Throwing net      |       |       |     7 ||     7
 Abil: Evoke Flight      |       |       |     4 ||     4
Evoke: Wand              |       |       |     2 ||     2
  Use: Scroll            |       |       |     8 ||     8
       Potion            |       |       |     2 ||     2
 Stab: Sleeping          |       |       |     2 ||     2
Armor: Robe              |    19 |       |       ||    19
       Steam dragon scal |    32 |    65 |   116 ||   213
Dodge: Dodged            |    57 |    85 |   155 ||   297

Table legend: (Time is in decaauts)
 A = Elapsed time spent in this place.
 B = Non-inter-level travel time spent in this place.
 C = Inter-level travel time spent in this place.
 D = Time resting spent in this place.
 E = Time spent auto-exploring this place.
 F = Levels seen in this place.
 G = Mean time per level.
                   A        B        C        D        E       F      G
               +--------+--------+--------+--------+--------+-----+--------+
         Total |   6745 |   6430 |    315 |   1316 |   3456 |   9 |  749.4 |
       Dungeon |   5517 |   5225 |    292 |    901 |   3281 |   7 |  788.1 |
        Temple |    334 |    311 |     23 |      0 |    116 |   1 |  334.0 |
        Bailey |    893 |    893 |      0 |    415 |     59 |   1 |  893.0 |
               +--------+--------+--------+--------+--------+-----+--------+

Top non-repeatable levels by time:
     D:5: 1018 daAuts
     D:4: 978 daAuts
  Bailey: 893 daAuts
     D:3: 850 daAuts
     D:2: 835 daAuts
     D:6: 795 daAuts
     D:1: 747 daAuts
  Temple: 334 daAuts
     D:7: 291 daAuts
